 Dungeon Crawl Stone Soup version 0.30.2 (webtiles) character file.

Game seed: 15227433127556298336

57 porpoise the Shooter (level 3, -1/31 HPs)
             Began as a Minotaur Hunter on Feb 9, 2024.
             Slain by an elf zombie (7 damage)
             ... in an ossuary.
             The game lasted 00:03:37 (775 turns).

porpoise the Shooter (Minotaur Hunter)               Turns: 775, Time: 00:03:37

Health: -1/31      AC:  3    Str: 15    XL:     3   Next: 73%
Magic:  2/2        EV: 12    Int:  6    God:
Gold:   64         SH:  0    Dex: 15    Spells: 2/2 levels left

rFire   . . .        a - +0 shortbow
rCold   . . .        (shield currently unavailable)
rNeg    . . .        c - +0 leather armour
rPois   .            (helmet restricted)
rElec   .            (no cloak)
rCorr   .            (no gloves)
SInv    .            (no boots)
Will    .....        (no amulet)
Stlth   +            (no ring)
HPRegen 0.25/turn    (no ring)
MPRegen 0.08/turn

%: no passive effects
@: no status effects
A: horns 2, retaliatory headbutt
a: no special abilities


You were in an ossuary.
You visited 1 branch of the dungeon, and saw 3 of its levels.
You also visited: Ossuary.

You collected 64 gold pieces.

Inventory:

Hand Weapons
 a - a +0 shortbow (weapon)
 e - a +0 short sword
Armour
 c - a +0 leather armour (worn)
Scrolls
 b - 3 scrolls of immolation
Potions
 d - a potion of lignification {unknown}
 f - a potion of curing {unknown}


   Skills:
 + Level 3.4 Fighting
 * Level 5.5 Ranged Weapons
 - Level 2.1 Dodging
 - Level 0.7 Stealth


You had 2 spell levels left.
You didn't know any spells.
Your spell library contained the following spells:

 Spells                   Type           Power      Damage    Failure   Level
 Summon Lightning Spire   Summ/Air       0%         N/A       99%         4
 Storm Form               Tmut/Air       0%         N/A       100%        7
 Maxwell's Capacitive Co  Air            0%         ∞         100%        8


Dungeon Overview and Level Annotations

Branches:
Dungeon (2/15)            Ossuary (1/1)

Altars:


Innate Abilities, Weirdness & Mutations

You have a pair of horns on your head.
You reflexively headbutt those who attack you in melee.


Message History

The elf zombie is moderately damaged.
The elf zombie closely misses you.
You shoot an arrow. The arrow hits the elf zombie.
The elf zombie is moderately damaged.
The elf zombie hits you.
A hobgoblin zombie comes into view.
You shoot an arrow. The arrow hits the elf zombie.
The elf zombie is moderately damaged.
The elf zombie hits you but does no damage.
You shoot an arrow. The arrow barely misses the elf zombie.
The arrow hits the elf zombie but does no damage.
The elf zombie is moderately damaged.
The elf zombie hits you.
* * * LOW HITPOINT WARNING * * *
You shoot an arrow.
The arrow hits the elf zombie but does no damage.
The elf zombie is moderately damaged.
The elf zombie hits you.
* * * LOW HITPOINT WARNING * * *
You shoot an arrow. The arrow hits the elf zombie.
The elf zombie is moderately damaged.
The elf zombie barely misses you.
You shoot an arrow. The arrow barely misses the elf zombie.
The arrow closely misses the elf zombie.
The arrow hits the rat zombie!
You destroy the rat zombie!
The elf zombie closely misses you.
You shoot an arrow.
The arrow hits the elf zombie but does no damage.
The elf zombie is moderately damaged.
The elf zombie hits you but does no damage.
You shoot an arrow. The arrow barely misses the elf zombie.
The arrow hits the elf zombie but does no damage.
The elf zombie is moderately damaged.
The elf zombie hits you.
* * * LOW HITPOINT WARNING * * *
You shoot an arrow. The arrow hits the elf zombie!
The elf zombie is heavily damaged.
The elf zombie hits you!
You die...

#....................#
#....................#
#........8..8........#
#....................#
#...######.^######...#
#...#....#.^# !.#...#
#...#.#..#^.# #.#...#
#...#.####.^####.#...#
#...#...........@#...#
#...#.......####Z#...#
#...#.......# #Z#...#
#...#.......# ZZ#...#
#...#.....∩.# ###...#
#...####+..... #...#
#...# #...### #...#
#...# #...# #...#
#...##############...#


You could see a hobgoblin zombie, 2 elf zombies and a human zombie.

Vanquished Creatures
  A mummy (Ossuary)
  A gnoll (D:1)
  5 endoplasms (D:1)
  A giant cockroach (D:1)
  A hobgoblin (D:1)
  2 kobolds (D:1)
  A ball python (D:1)
  A bat (D:1)
  3 frilled lizards (D:1)
  A goblin (D:1)
  5 hobgoblin zombies (Ossuary)
  8 kobold zombies (Ossuary)
  11 orc zombies (Ossuary)
  A rat (D:1)
  A rat zombie (Ossuary)
43 creatures vanquished.

Notes
Turn   | Place    | Note
-------+----------+-------------------------------------------
     0 | D:1      | porpoise the Minotaur Hunter began the quest for the Orb.
     0 | D:1      | Reached XP level 1. HP: 18/18 MP: 0/0
   229 | D:1      | Reached XP level 2. HP: 25/25 MP: 1/1
   266 | D:1      | Reached skill level 5 in Ranged Weapons
   369 | D:1      | Found a faded altar of an unknown god.
   479 | D:2      | You fall into a shaft and drop 2 floors!
   503 | D:4      | Found a sand-covered staircase.
   507 | Ossuary  | Entered an ossuary
   526 | Ossuary  | Reached XP level 3. HP: 31/31 MP: 2/2
   775 | Ossuary  | Slain by an elf zombie

Illustrated notes

Levels and vault maps discovered:
D:1:      dpeg_arrival_round_b, layout_rooms,
          hellmonk_ecumenical_altar_crossroads, minmay_distorted
D:2:      layout_rooms, serial_shops, shop
D:4:      layout_loops_ring, zin_purify, lightli_ossuary_entry_decrepit_ruins,
          portal_sewer_entry_c
Ossuary:  ossuary_tomb_1

Skill      XL: |  1  2 |
---------------+-------+-----
Fighting       | 3 |  3.4
Ranged Weapons | 5 |  5.5
Dodging        | |  2.1
Stealth        | |  0.7

Action                     || total
---------------------------++-------
   Fire: Shortbow          ||   130
 Armour: Leather armour    ||     4
  Dodge: Dodged            ||    17
